 Dungeon Crawl Stone Soup version 0.23.2-33-g5129a83184 (webtiles) character file.

Game seed: 11323235498945880697

49 psyvane the Conjurer (level 3, 0/21 HPs)
             Began as an Octopode Wizard on July 13, 2019.
             Killed from afar by Natasha (6 damage)
             ... with a magic dart
             ... on level 2 of the Dungeon.
             The game lasted 00:07:26 (1610 turns).

psyvane the Conjurer (Octopode Wizard)              Turns: 1610, Time: 00:07:27

Health: 0/21       AC:  1    Str:  6    XL:     3   Next: 77%
Magic:  0/7        EV: 13    Int: 20    God:
Gold:   28         SH:  0    Dex: 11    Spells: 3/8 levels left

rFire    . . .     SeeInvis .   d - +0 dagger
rCold    . . .     Gourm    .   (no shield)
rNeg     . . .     Faith    .   a - +0 hat
rPois    .         Spirit   .   (no amulet)
rElec    .         Reflect  .   (no ring)
rCorr    .         Harm     .   (no ring)
MR       .....                  (no ring)
Stlth    +++.......             (no ring)
HPRegen  0.07/turn              (no ring)
MPRegen  0.10/turn              (no ring)
                                (no ring)
                                (no ring)

@: very slightly contaminated, slowed, very slow
A: almost no armour, stealthy swim, amphibious, 8 rings, constrict 8, camouflage
1, gelatinous body 1
a: no special abilities


You were on level 2 of the Dungeon.
You were not hungry.

You visited 1 branch of the dungeon, and saw 2 of its levels.

You collected 28 gold pieces.

Inventory:

Hand Weapons
 d - a +0 dagger (weapon)
 j - a +0 whip
Armour
 a - a +0 hat (worn)
 e - a +0 cloak
Jewellery
 f - an uncursed ring of resist corrosion {unknown}
Wands
 m - a wand of digging (5)
Scrolls
 b - a scroll of fear {unknown}
 h - 2 scrolls of remove curse {unknown}
 l - a scroll of enchant armour {unknown}
Potions
 g - 2 potions of curing
 i - a potion of flight {unknown}
 k - a potion of berserk rage {unknown}
Comestibles
 c - 3 rations
 n - a chunk of flesh


   Skills:
 - Level 2.0 Dodging
 - Level 2.6 Stealth
 - Level 3.0 Spellcasting
 * Level 3.5 Conjurations
 - Level 1.0 Summonings
 + Level 1.0 Translocations


You had 3 spell levels left.
You knew the following spells:

 Your Spells              Type           Power        Failure   Level  Hunger
a - Magic Dart            Conj           ###.         3%          1    None
b - Call Imp              Summ           #.......     14%         2    ##.....
c - Blink                 Tloc           N/A          14%         2    ##.....

Your spell library contained the following spells:

 Spells                   Type           Power        Failure   Level  Hunger
 Conjure Flame            Conj/Fire      ##......     21%         3    ###....
 Slow                     Hex            #.......     22%         2    ##.....
 Mephitic Cloud           Conj/Pois/Air  #.......     26%         3    ###....


Dungeon Overview and Level Annotations

Branches:
Dungeon (2/15)

Altars:

Annotations:
D:2 Natasha


Innate Abilities, Weirdness & Mutations

You cannot wear most types of armour.
You are very stealthy in the water. (Stealth+)
You are amphibious.
You can wear up to eight rings at the same time.
You can use your tentacles to constrict eight enemies at once.
Your skin changes colour to match your surroundings (Stealth+).
Your rubbery body absorbs attacks. (AC +1, EV +1)


Message History

Aiming: Magic Dart (safe; 3% risk of failure)
Press: ? - help, Shift-Dir - straight line, f/p - Natasha
Aim: Natasha (moderately wounded, unusually agile)
The magic dart hits Natasha but does no damage.
Natasha is moderately wounded.
Your crimson imp hits Natasha.
Natasha stares at you and mumbles some strange words.
You feel yourself slow down.
You hit Natasha. Your grab misses Natasha.
Natasha is severely wounded.
Your crimson imp barely misses Natasha.
Natasha claws you.
* * * LOW HITPOINT WARNING * * *
You hit Natasha but do no damage. Your grab misses Natasha.
Your squeeze misses Natasha.
Natasha is severely wounded.
Your crimson imp disappears in a puff of smoke!
Your crimson imp barely misses Natasha.
Natasha stares at you and mumbles some strange words.
The magic dart hits you.
You die...

##### # ...# #####.#######.##
.. ............. .#
#.##.####.## ##### .#
#......†..# #...##.#
##.....#### #.#5h@.# ##...##
#..§#### ##.## ##.## #.# #.#
#.# #.# ##'## #.# ##...## #5###
##.....## #.#.## ##.......##
..#########....####.........###


You could see Natasha and a friendly crimson imp.

Vanquished Creatures
  An ooze (D:1)
  A giant cockroach (D:1)
  3 goblins
  8 hobgoblins
  3 bats (D:1)
  8 kobolds (D:1)
  5 rats
29 creatures vanquished.

Vanquished Creatures (collateral kills)
  Jessica (D:2)
1 creature vanquished.

Grand Total: 30 creatures vanquished

Notes
Turn   | Place    | Note
-------+----------+-------------------------------------------
     0 | D:1      | psyvane the Octopode Wizard began the quest for the Orb.
     0 | D:1      | Reached XP level 1. HP: 11/11 MP: 4/4
   443 | D:1      | Reached XP level 2. HP: 17/17 MP: 1/6
   800 | D:1      | Reached XP level 3. HP: 20/21 MP: 0/7
  1055 | D:1      | Learned a level 2 spell: Call Imp
  1364 | D:2      | Learned a level 2 spell: Blink
  1489 | D:2      | Noticed Jessica
  1498 | D:2      | Killed Jessica
  1594 | D:2      | Noticed Natasha
  1610 | D:2      | Killed from afar by Natasha

Skill      XL: |  1  2  3 |
---------------+----------+-----
Conjurations   | 2 3 |  3.5
Dodging        | |  2.0
Stealth        | |  2.6
Spellcasting   | |  3.0
Summonings     | |  1.0
Translocations | |  1.0

Action                   || total
-------------------------++-------
Melee: Unarmed           ||    13
       Constrict         ||    13
       Tentacles         ||     8
       Dagger            ||    35
 Cast: Magic Dart        ||    39
       Call Imp          ||     5
  Use: Potion            ||     1
 Stab: Sleeping          ||     2
  Eat: Chunk             ||     2
Armor: Skin              ||     4
Dodge: Dodged            ||    32
